cohdb
Replays
Latest Replays
All Replays
Popular Replays
Top Player Replays
Match Explorer
How It Works
Community
CoH3 Stats
Reddit
Sign in to upload your games and track your stats! →
Sign in with Steam
Match 39696076
Unlisted
Match 39696076
Overview
Messages
Build Orders
End
Construct Barracks
Riflemen Squad
1⁄4-ton 4x4 Truck
M1 Mortar Team
Riflemen Squad
Riflemen Squad
Construct Weapon Support Center
Mechanized Support Center
Construct Motor Pool
M16 Multiple Gun Motor Carriage
Selects Heavy Weapons
Selects Assault Carriers
Selects Exchangeable Parts
Engineer Squad
M16 Multiple Gun Motor Carriage
.30 cal Machine Gun
M1 Mortar Team
Forward Retreat Point
Designate Forward Repair Station
M1918 Browning Automatic Rifles
M8 Greyhound Armored Car
Improvised Armor
Grenade Package
M3 75 mm Gun Motor Carriage
Rapid Repairs
M3 75 mm Gun Motor Carriage
Selects M26 Pershing Heavy Tank
M26 Pershing Heavy Tank
M3 75 mm Gun Motor Carriage
wila
Devos
LittleFatty233
Zannen
Matt
待风的苍鹰
Globalnaya
哈比下
0
0
Comments
sign in to comment!
No comments posted yet!